 Dungeon Crawl Stone Soup version 0.26-a0-1021-gda264ca44c (webtiles) character file.

Game seed: 16609041853462510967

1432248 ringo67 the Conqueror (level 25, 304/304 HPs)
             Began as an Ogre Hunter on Dec 8, 2020.
             Was the Champion of Ru.
             Escaped with the Orb
             ... and 3 runes on Dec 9, 2020!
             The game lasted 04:12:02 (113392 turns).

ringo67 the Conqueror (Ogre Hunter)               Turns: 113392, Time: 04:12:02

Health: 304/304    AC: 41    Str: 29    XL:     25
Magic:  20/20      EV: 17    Int: 12    God:    Ru [******]
Gold:   6960       SH:  0    Dex: 13    Spells: 22/24 levels left

rFire    + + .     SeeInvis .   j - +9 giant spiked club (spect)
rCold    + + +     Faith    .   (shield currently unavailable)
rNeg     . . .     Spirit   .   s - +12 gold dragon scales
rPois    +         Reflect  .   t - +2 hat
rElec    +         Harm     .   T - +1 cloak of Starlight {rElec rC+ EV+4 Stlth--}
rCorr    .         Rampage  .   (gloves unavailable)
Will     +++..                  (boots unavailable)
Stlth    ..........             b - amulet of the Sturgeon {Acrobat rC++ Will+ Dex+4 Stlth+}
HPRegen  0.60/turn              N - ring of protection from fire
MPRegen  0.17/turn              G - +4 ring of slaying

@: no status effects
A: large, unfitting armour, deterioration 1, low mp 1, mutation resistance 1,
tough skin 1, weak 1, hated by all, no conjurations magic, no fire magic, no
transmutations magic, disrupted magic 1, inexperienced 1
0: Orb of Zot
}: 3/15 runes: serpentine, barnacled, silver
a: Draw Out Power, Power Leap, Apocalypse, Renounce Religion


You escaped.
You worshipped Ru.
Ru was exalted by your worship.
You visited 10 branches of the dungeon, and saw 50 of its levels.
You visited 1 bazaar.
You also visited: Trove, Ossuary, Gauntlet and Ice Cave.

You collected 9786 gold pieces.
You spent 2826 gold pieces at shops.

Inventory:

Hand Weapons
 a - the +10 dark maul {vorpal}
   (You acquired it on level 4 of the Depths)

   It inflicts extra damage upon your enemies.
 j - a +9 spectral giant spiked club (weapon)
 w - the +10 giant club "Qigegh" {freeze, rPois Str+3 Int-4 Dex+3}
   (You took it off an ettin on level 4 of the Depths)

   It has been specially enchanted to freeze those struck by it, causing extra
   injury to most foes and up to half again as much damage against particularly
   susceptible opponents.
   It can also slow down cold-blooded creatures.
   It affects your strength (+3).
   It affects your intelligence (-4).
   It affects your dexterity (+3).
   It protects you from poison.
Missiles
 c - 148 large rocks
 d - 14 throwing nets
 f - 16 curare-tipped darts
 i - 69 boomerangs
 r - 43 silver javelins (quivered)
 K - 86 javelins
Armour
 s - +12 gold dragon scales (worn)
 t - a +2 hat (worn)
 T - the +1 cloak of Starlight (worn) {rElec rC+ EV+4 Stlth--}
   (You found it on level 4 of the Depths)

   It affects your evasion (+4).
   It protects you from cold.
   It insulates you from electricity.
   It makes you much less stealthy.
Jewellery
 b - the amulet of the Sturgeon (around neck) {Acrobat rC++ Will+ Dex+4 Stlth+}
   (You found it in a treasure trove)

   [amulet of the acrobat]

   It helps you evade while moving and waiting.
   It affects your dexterity (+4).
   It greatly protects you from cold.
   It affects your willpower, your defense against some magical effects.
   It makes you more stealthy.
 n - an uncursed ring of see invisible
 G - a +4 ring of slaying (right hand)
 N - a ring of protection from fire (left hand)
 Q - the ring of Xasung {rC+ AC+4}
   (You took it off a deep elf knight on level 3 of the Elven Halls)

   [ring of protection]

   It affects your AC (+4).
   It protects you from cold.
 Z - the ring "Aned" {rPois rC+ rCorr}
   (You found it in a treasure trove)

   [ring of resist corrosion]

   It protects you from cold.
   It protects you from poison.
   It provides partial protection from all sources of acid and corrosion.
Wands
 A - a wand of acid (24)
 H - a wand of digging (23)
 I - a wand of flame (123)
 L - a wand of paralysis (88)
 O - a wand of disintegration (89)
 R - a wand of iceblast (50)
 S - a wand of polymorph (53)
Scrolls
 h - 7 scrolls of fear
 l - 11 scrolls of teleportation
 m - 7 scrolls of magic mapping
 o - 24 scrolls of identify
 p - 4 scrolls of blinking
 q - 24 scrolls of remove curse
 y - 9 scrolls of fog
 z - 3 scrolls of enchant armour
 B - 3 scrolls of holy word
 P - 6 scrolls of silence
 W - 9 scrolls of vulnerability
Potions
 e - 14 potions of heal wounds
 g - 7 potions of cancellation
 k - 9 potions of lignification
 u - 17 potions of brilliance
 x - 2 potions of berserk rage
 C - 20 potions of curing
 D - 6 potions of flight
 E - 7 potions of mutation
 F - 4 potions of might
 J - 5 potions of invisibility
 M - a potion of haste
 U - 5 potions of magic
 Y - a potion of resistance
Miscellaneous
 X - a condenser vane


   Skills:
 O Level 27 Fighting
 - Level 22.0 Maces & Flails
 - Level 16.8 Throwing
 + Level 21.2 Armour
 + Level 19.8 Dodging
 - Level 0.9 Stealth
 - Level 16.0 Evocations


You had 22 spell levels left.
You knew the following spells:

 Your Spells              Type           Power        Failure   Level
a - Blink                 Tloc           N/A          99%         2

Your spell library contained the following spells:

 Spells                   Type           Power        Failure   Level
 Corona                   Hex            #......      98%         1
 Freeze                   Ice            #...         98%         1
 Corpse Rot               Necr/Air       N/A          99%         2
 Ensorcelled Hibernation  Hex/Ice        #.....       99%         2
 Poisonous Vapours        Pois/Air       #.....       99%         2
 Slow                     Hex            #.......     99%         2
 Sublimation of Blood     Necr           #.........   99%         2
 Swiftness                Air            #.......     99%         2
 Confusing Touch          Hex            #.......     100%        3
 Frozen Ramparts          Ice            #.....       100%        3
 Gell's Gravitas          Tloc           #.........   100%        3
 Ozocubu's Armour         Ice            #.......     100%        3
 Airstrike                Air            #.........   100%        4
 Cause Fear               Hex            #.........   100%        4
 Dispel Undead            Necr           #.......     100%        4
 Agony                    Necr           #.......     100%        5
 Borgnjor's Vile Clutch   Necr/Erth      #.........   100%        5
 Metabolic Englaciation   Hex/Ice        #.........   100%        5
 Silence                  Hex/Air        #.........   100%        5
 Ozocubu's Refrigeration  Ice            #.........   100%        6
 Absolute Zero            Ice            #.........   100%        9
 Tornado                  Air            #.........   100%        9
 Beastly Appendage        Tmut           Unusable     N/A         1
 Foxfire                  Conj/Fire      Unusable     N/A         1
 Magic Dart               Conj           Unusable     N/A         1
 Sting                    Tmut/Pois      Unusable     N/A         1
 Summon Small Mammal      Summ           Unusable     N/A         1
 Call Imp                 Summ           Unusable     N/A         2
 Wereblood                Tmut           Unusable     N/A         2
 Conjure Flame            Conj/Fire      Unusable     N/A         3
 Dazzling Flash           Conj/Hex       Unusable     N/A         3
 Ignite Poison            Fire/Tmut/Pois Unusable     N/A         3
 Mephitic Cloud           Conj/Pois/Air  Unusable     N/A         3
 Spider Form              Tmut/Pois      Unusable     N/A         3
 Static Discharge         Conj/Air       Unusable     N/A         3
 Summon Guardian Golem    Hex/Summ       Unusable     N/A         3
 Tukima's Dance           Hex            Unusable     N/A         3
 Animate Dead             Necr           Unusable     N/A         4
 Hailstorm                Conj/Ice       Unusable     N/A         4
 Ice Form                 Ice/Tmut       Unusable     N/A         4
 Iskenderun's Mystic Bla  Conj/Tloc      Unusable     N/A         4
 Petrify                  Tmut/Erth      Unusable     N/A         4
 Sticky Flame             Conj/Fire      Unusable     N/A         4
 Summon Ice Beast         Ice/Summ       Unusable     N/A         4
 Summon Lightning Spire   Summ/Air       Unusable     N/A         4
 Alistair's Intoxication  Tmut/Pois      Unusable     N/A         5
 Blade Hands              Tmut           Unusable     N/A         5
 Bolt of Magma            Conj/Fire/Erth Unusable     N/A         5
 Fireball                 Conj/Fire      Unusable     N/A         5
 Irradiate                Conj/Tmut      Unusable     N/A         5
 Iskenderun's Battlesphe  Conj           Unusable     N/A         5
 Summon Demon             Summ           Unusable     N/A         5
 Summon Forest            Summ/Tloc      Unusable     N/A         5
 Summon Mana Viper        Hex/Summ       Unusable     N/A         5
 Yara's Violent Unravell  Hex/Tmut       Unusable     N/A         5
 Conjure Ball Lightning   Conj/Air       Unusable     N/A         6
 Death Channel            Necr           Unusable     N/A         6
 Eringya's Noxious Bog    Tmut/Pois      Unusable     N/A         6
 Freezing Cloud           Conj/Ice/Air   Unusable     N/A         6
 Iron Shot                Conj/Erth      Unusable     N/A         6
 Shadow Creatures         Summ           Unusable     N/A         6
 Simulacrum               Ice/Necr       Unusable     N/A         6
 Starburst                Conj/Fire      Unusable     N/A         6
 Dragon Form              Tmut           Unusable     N/A         7
 Malign Gateway           Summ/Tloc      Unusable     N/A         7
 Orb of Destruction       Conj           Unusable     N/A         7
 Spellforged Servitor     Conj/Summ      Unusable     N/A         7
 Summon Hydra             Summ           Unusable     N/A         7
 Chain Lightning          Conj/Air       Unusable     N/A         8
 Lehudib's Crystal Spear  Conj/Erth      Unusable     N/A         8
 Dragon's Call            Summ           Unusable     N/A         9
 Fire Storm               Conj/Fire      Unusable     N/A         9

Dungeon Overview and Level Annotations

Branches:
Dungeon (15/15)            Temple (1/1) D:4            Lair (6/6) D:9
 Shoals (4/4) Lair:4        Snake (4/4) Lair:4        Slime (0/5) Lair:5
    Orc (2/2) D:12            Elf (3/3) Orc:2        Vaults (5/5) D:13
  Crypt (0/3) Vaults:3     Depths (5/5) D:15            Zot (5/5) Depths:5
Ossuary (visited)           IceCv (visited)         Gauntlet (visited)

Altars:
Ashenzari
Cheibriados
Dithmenos
Elyvilon
Fedhas
Gozag
Hepliaklqana
Kikubaaqudgha
Makhleb
Nemelex Xobeh
Okawaru
Qazlal
Ru
Sif Muna
Trog
Uskayaw
Vehumet
Wu Jian
Xom
Yredelemnul
Zin
The Shining One
Beogh

Shops:
D:5 :[(   D:6 :?*[(   D:13 !   Orc:2 =:[(   Elf:2 :   Elf:3 (   Snake:1 =
Vaults:3 !   Vaults:4 :*   Depths:3 [   Depths:5 ??}=}**

Portals:
Hell: Depths:1 Depths:2 Depths:3 Depths:5
Abyss: Depths:3
Pandemonium: Depths:2 Depths:3
Ziggurat: Depths:3

Annotations:
D:4 1 runed translucent door, sahdkjhfkaj's ghost, novice KoBr
Elf:2 5 runed translucent doors


Innate Abilities, Weirdness & Mutations

You are too large for most types of armour.
Your magical capacity is low. (-10% MP)
You have tough skin. (AC +1)
You are weak. (Str -2)
You are hated by all.
You cannot study or cast Conjurations magic.
You cannot study or cast Fire magic.
You cannot study or cast Transmutations magic.
Your casting is slightly disrupted.
You are somewhat inexperienced. (-2 XL)
Your body sometimes deteriorates upon taking damage.
You are somewhat resistant to further mutation.


Message History

(D) Dungeon (T) Temple (L) Lair (A) Shoals (P) Snake Pit (M) Slime Pits (O) Orcish Mines (E) Elven Halls (V) Vaults (C) Crypt (U) Depths (H) Hell (Z) Zot
Where to? (Enter - D:1, ? - help)
There is a stone staircase leading up here.
You climb upwards.
There is a stone staircase leading down here.
There is a stone staircase leading up here.
You climb upwards.
There is a stone staircase leading down here.
There is a stone staircase leading up here.
You climb upwards.
There is a stone staircase leading down here.
A rakshasa comes into view. It is wielding a +0 whip.
The rakshasa blinks!
There is an open door here.
You close the door.
There is a staircase leading out of the dungeon here.
You have escaped!

.#########
#...##....#........
.........#
######....####.....
.........# #...[#
#.##... .........#
##...# #.##...
.........# ##..##
#.##.#. .........#
##...# #......
.........# ####...##
#...).. .........#
#..'.### #..#.#.
######...#
###@.#########......
#...#
#....+..............
##...#
#.#..#......###...#.
#...##
#.####......###...#.
##.†.#
#...................
##...##
#######...........R.
##...## #..##.####....
#...##
###########.....#####...
##...#
#.......................


There were no monsters in sight!

Vanquished Creatures
  3 orbs of fire
  3 ancient liches (Zot:5)
  2 juggernauts
  5 Killer Klowns
  Margery (Vaults:3)
  Saint Roka (Vaults:3)
  Bai Suzhen (Vaults:3)
  2 curse toes
  6 golden dragons
  5 caustic shrikes
  the Enchantress (Depths:4)
  A bone dragon (Depths:4)
  The ghost of Soammui the Slayer, an adept MiBe of Trog (Elf:2)
  4 electric golems
  Jorgrun (D:13)
  17 tentacled monstrosities
  3 Ice Fiends
  5 liches
  A Hell Sentinel (Depths:3)
  2 deep elf blademasters (Elf:3)
  29 Orb Guardians
  5 titans
  6 quicksilver dragons
  2 krakens
  2 deep elf master archers (Elf:3)
  7 sphinxes
  Polyphemus (Shoals:3)
  An Executioner (Depths:3)
  15 death cobs
  The ghost of Kaerusk the Unseen, an adept KoBe of Trog (Shoals:3)
  The ghost of Amuaxidi the Fencer, an adept FoCK of Xom (Shoals:3)
  6 tengu reavers
  The ghost of Tuffe the Warrior, an adept FoFi of Okawaru (Snake:3)
  20 storm dragons
  13 nagarajas
  10 shadow dragons
  23 draconian monks
  Roxanne (D:14)
  10 fire giants
  2 iron dragons (Vaults:5)
  10 frost giants
  6 draconian knights
  5 deep elf sorcerers
  A ghost moth (Zot:2)
  2 orc warlords
  12 draconian shifters
  Aizul (Snake:4)
  13 vault wardens
  7 draconian scorchers
  2 deep elf elementalists (Elf:3)
  4 spriggan defenders
  18 very ugly things
  13 draconian annihilators
  A caustic shrike skeleton (Depths:4)
  9 ironheart preservers
  23 stone giants
  7 draconian stormcallers
  23 green draconians
  4 vampire knights
  21 white draconians
  15 yellow draconians
  7 deep elf annihilators
  15 deep elf demonologists
  A minotaur (shapeshifter) (Vaults:5)
  4 spark wasps
  16 red draconians
  22 purple draconians
  23 black draconians
  A minotaur (Gauntlet)
  8 merfolk impalers
  2 entropy weavers
  7 deep elf death magi
  A crystal guardian (Vaults:4)
  11 ettins
  8 merfolk javelineers
  Snorg (D:11)
  7 great orbs of eyes
  24 yaktaur captains
  3 deep elf high priests
  Fannar (D:12)
  11 fire dragons
  10 spriggan air magi
  Erolcha (D:12)
  A hell beast (Depths:2)
  4 rakshasas
  7 hydras
  10 ice dragons
  4 boulder beetles
  10 anacondas
  22 naga warriors
  4 catoblepae
  A juggernaut simulacrum (Depths:4)
  38 vault guards
  3 merfolk avatars (Shoals:4)
  An alligator snapping turtle (shapeshifter) (Vaults:3)
  3 alligator snapping turtles
  20 centaur warriors
  10 deep troll shamans
  3 ghost crabs (Depths:4)
  4 death knights
  17 ogre magi
  6 merfolk aquamancers (Shoals:4)
  40 two-headed ogres
  3 satyrs (Shoals:4)
  14 dancing weapons
  6 tengu warriors
  21 death yaks
  4 orc high priests
  4 vampire magi
  17 shock serpents
  17 spriggan berserkers
  11 naga sharpshooters
  5 deep troll earth magi
  A soul eater (Depths:2)
  11 spriggans
  Nergalle (Orc:1)
  A titan skeleton (Depths:4)
  4 salamander mystics (Snake:4)
  17 deep elf knights
  4 iron trolls (Depths:2)
  A skeletal warrior (Vaults:1)
  3 hell knights
  14 wizards
  2 fire crabs (shapeshifter)
  2 shadow wraiths
  A death drake (Depths:5)
  A death drake (shapeshifter) (Depths:1)
  A shadow demon (Depths:1)
  12 sea snakes
  An unseen horror (Vaults:1)
  A glowing orange brain (shapeshifter) (Depths:1)
  3 flayed ghosts
  12 naga ritualists
  16 deep trolls
  2 deep trolls (shapeshifter)
  A large abomination (Depths:4)
  14 ironbrand convokers
  A harpy (shapeshifter) (Vaults:1)
  6 necromancers
  7 glowing orange brains
  4 lindwurms
  A golden dragon skeleton (Depths:4)
  50 deep elf magi
  15 deep elf archers
  16 harpies
  A phantasmal warrior (Vaults:5)
  12 mana vipers
  13 orc knights
  2 wolf spider zombies
  2 mana vipers (shapeshifter)
  A stone giant zombie (Vaults:1)
  An oklob plant (Shoals:4)
  3 wolf spiders
  An orb spider (shapeshifter) (Vaults:3)
  5 orc sorcerers
  11 salamanders
  6 fauns
  15 cyclopes
  2 frost giant zombies
  15 elephants
  A shining eye (shapeshifter) (Vaults:5)
  A salamander (shapeshifter) (Depths:3)
  34 ugly things
  45 black mambas
  7 merfolk sirens
  18 moths of wrath
  20 manticores
  A moth of wrath (shapeshifter) (Depths:2)
  2 worldbinders (Depths:4)
  A water nymph (shapeshifter) (Vaults:5)
  A torpor snail (Lair:6)
  2 ice statues (IceCv)
  7 water nymphs
  5 gargoyles
  12 vault sentinels
  18 naga magi
  12 cane toads
  12 guardian serpents
  A rust devil (Depths:2)
  2 komodo dragons
  A cane toad (shapeshifter) (D:13)
  5 spectral swamp worms (Depths:1)
  36 yaktaurs
  An orange demon (D:10)
  8 freezing wraiths
  A kobold demonologist (D:10)
  6 rime drakes (Lair:6)
  A yaktaur zombie (Vaults:1)
  13 ice devils (IceCv)
  4 tengu conjurers
  3 human skeletons
  A red devil (Depths:2)
  2 polar bears
  2 golden dragon simulacra (Depths:4)
  3 meliai (D:15)
  30 merfolk
  A meliai (shapeshifter) (Depths:3)
  6 trolls
  3 jumping spiders
  8 wind drakes
  A shadow dragon simulacrum (Vaults:3)
  2 raiju (Depths:4)
  13 hornets
  13 slime creatures
  9 blink frogs
  Grinder (D:4)
  16 dream sheep
  2 raiju (shapeshifter) (Depths:4)
  12 snapping turtles
  3 redbacks
  2 yaks (shapeshifter)
  An ettin skeleton (Vaults:1)
  11 water elementals
  8 air elementals
  5 wraiths
  Eustachio (D:5)
  4 fire elementals
  26 yaks
  5 wyverns
  3 basilisks (shapeshifter)
  6 basilisks
  A fire bat (shapeshifter) (Vaults:2)
  2 vampire mosquitoes (D:15)
  72 nagas
  4 wargs
  Edmund (D:4)
  A swamp worm (shapeshifter) (Vaults:4)
  An acid dragon (D:15)
  A soldier ant (Gauntlet)
  A spatial vortex (Depths:4)
  6 small abominations
  Duvessa (D:5)
  4 floating eyes (Depths:3)
  13 water moccasins
  59 orc warriors
  3 swamp drakes (Depths:5)
  3 black bears
  5 ice beasts
  3 sky beasts
  2 necrophages
  14 wolves
  8 boggarts
  2 phantoms
  A boggart (shapeshifter) (Vaults:4)
  A centaur (shapeshifter) (Vaults:4)
  21 centaurs
  29 ogres
  4 big kobolds
  An elf zombie (Ossuary)
  3 earth elementals
  17 bullfrogs
  2 gnoll sergeants (D:7)
  A glowing shapeshifter simulacrum (Depths:2)
  Dowan (D:5)
  A water moccasin zombie (D:7)
  A wyvern skeleton (D:12)
  2 scorpions
  A scorpion (shapeshifter) (Depths:2)
  7 killer bees
  A howler monkey (shapeshifter) (Depths:1)
  8 wights
  An electric eel (D:15)
  2 howler monkeys (D:11)
  A lava snake (D:15)
  A crimson imp (Depths:2)
  2 bullfrog zombies
  14 hounds
  4 jellies
  A quasit (D:9)
  6 centaur zombies
  29 orc priests
  2 bullfrog skeletons
  4 centaur skeletons
  2 human zombies (Ossuary)
  28 orc wizards
  Crazy Yiuf (D:2)
  Jessica (D:2)
  2 iguanas (D:4)
  7 worker ants
  4 hell rats (Lair:2)
  4 lightning spires (Depths:4)
  A killer bee zombie (D:7)
  2 big kobold zombies (Ossuary)
  2 hound zombies (Ossuary)
  3 mummies (Ossuary)
  Robin (D:2)
  10 gnolls (D:7)
  A howler monkey skeleton (D:10)
  9 adders
  3 shadow imps
  12 white imps
  12 ufetubi
  An ooze (D:1)
  2 adder skeletons
  3 adder zombies (Ossuary)
  A worm (D:5)
  5 dart slugs
  7 leopard geckos
  116 orcs
  A ball python (D:2)
  6 giant cockroaches
  2 gnoll zombies (Ossuary)
  26 goblins
  6 hobgoblins
  13 jackals
  4 quokkas
  8 bats
  5 frilled lizards
  5 goblin zombies (Ossuary)
  3 hobgoblin zombies (Ossuary)
  A jackal skeleton (D:7)
  6 jackal zombies
  30 kobolds
  4 kobold zombies (Ossuary)
  An orc zombie (Ossuary)
  2 quokka zombies (Ossuary)
  12 rats
  4 rat zombies (Ossuary)
  7 tentacles
2471 creatures vanquished.

Vanquished Creatures (others)
  A Killer Klown (Zot:5)
  A deep elf master archer (Elf:2)
  A nagaraja (Snake:4)
  A draconian scorcher (Zot:2)
  A deep elf sorcerer (Elf:3)
  2 draconian knights
  2 deep elf elementalists (Elf:3)
  A green draconian (Zot:3)
  A red draconian (Zot:5)
  A yellow draconian (Zot:4)
  A purple draconian (Zot:2)
  A deep elf high priest (Vaults:4)
  A yaktaur captain (Vaults:4)
  A hydra (Lair:1)
  An alligator snapping turtle (Shoals:4)
  2 death yaks
  A naga sharpshooter (Snake:4)
  A sixfirhy (Zot:2)
  2 lindwurms (Depths:5)
  An ironbrand convoker (Vaults:5)
  A harpy (Depths:3)
  A deep elf mage (Elf:3)
  A naga mage (Snake:2)
  2 black mambas
  A cane toad (Lair:1)
  3 yaktaurs
  A spriggan (Depths:2)
  A water elemental (Elf:1)
  5 ogres
  A centaur (Depths:1)
  2 killer bees (D:12)
  3 orc priests
  An ufetubus (IceCv)
  A ball lightning (Depths:4)
  An orc (D:10)
  A kobold (D:13)
  2 bushes (Lair:6)
  25 fungi
  104 plants
  6 tentacles
  6 withered plants (Shoals:3)
193 creatures vanquished.

Grand Total: 2664 creatures vanquished

Notes
Turn   | Place    | Note
-------+----------+-------------------------------------------
     0 | D:1      | ringo67 the Ogre Hunter began the quest for the Orb.
     0 | D:1      | Reached XP level 1. HP: 22/22 MP: 1/1
   204 | D:1      | Reached skill level 3 in Fighting
   253 | D:1      | Reached XP level 2. HP: 30/31 MP: 2/2
   488 | D:1      | Reached XP level 3. HP: 35/37 MP: 3/3
   925 | D:2      | Reached skill level 1 in Maces & Flails
  1148 | D:2      | Found a runed translucent door.
  1149 | D:2      | Noticed Crazy Yiuf
  1317 | D:2      | Noticed Robin
  1327 | D:2      | Noticed Jessica
  1328 | D:2      | Reached XP level 4. HP: 38/48 MP: 4/4
  1341 | D:2      | Reached skill level 4 in Fighting
  1349 | D:2      | Killed Robin
  1356 | D:2      | Killed Jessica
  1608 | D:2      | Found an opulent altar of Gozag.
  1640 | D:2      | Found an iron altar of Okawaru.
  1971 | D:2      | Reached XP level 5. HP: 55/55 MP: 5/5
  2277 | D:2      | Paralysed by Crazy Yiuf for 5 turns
  2286 | D:2      | Killed Crazy Yiuf
  2673 | D:3      | Found a hide-covered altar of Uskayaw.
  2889 | D:3      | Found a faded altar of an unknown god.
  3094 | D:3      | Found a sparkling altar of Nemelex Xobeh.
  3143 | D:3      | Found a blossoming altar of Fedhas.
  3208 | D:3      | Found an iron altar of Okawaru.
  3422 | D:3      | Reached skill level 5 in Fighting
  3711 | D:4      | Reached XP level 6. HP: 57/66 MP: 6/6
  3756 | D:4      | Found a runed translucent door.
  3762 | D:4      | Noticed sahdkjhfkaj's ghost (novice KoBr)
  3816 | D:4      | You fall into a shaft and drop 2 floors!
  3885 | D:6      | Found Ireudgh's Magic Scroll Boutique.
  3915 | D:5      | Entered Level 5 of the Dungeon
  3915 | D:5      | Noticed an ice beast
  3949 | D:5      | Noticed Dowan
  3954 | D:5      | Noticed Eustachio
  3965 | D:5      | Found a sand-covered staircase.
  3973 | Ossuary  | Entered an ossuary
  4788 | Ossuary  | Reached skill level 6 in Fighting
  4839 | Ossuary  | Reached skill level 5 in Throwing
  4839 | Ossuary  | Reached XP level 7. HP: 70/75 MP: 7/7
  5779 | D:5      | Found Baniup's Weapon Shop.
  5813 | D:5      | You fall into a shaft and drop 2 floors!
  6192 | D:7      | Reached skill level 7 in Fighting
  6458 | D:7      | Reached XP level 8. HP: 78/87 MP: 8/8
  6938 | D:5      | Killed Eustachio
  6939 | D:5      | Reached skill level 8 in Fighting
  6952 | D:5      | Noticed Duvessa
  6956 | D:5      | Found Goynly Piwn's Armour Shoppe.
  6990 | D:5      | Killed Duvessa
  6991 | D:5      | Reached skill level 5 in Maces & Flails
  7307 | D:5      | Killed Dowan
  7569 | D:4      | Noticed Edmund
  7591 | D:4      | Killed Edmund
  7738 | D:4      | Reached XP level 9. HP: 89/97 MP: 9/9
  7950 | D:4      | Reached skill level 9 in Fighting
  7996 | D:4      | Noticed Grinder
  8004 | D:4      | Killed Grinder
  8026 | D:4      | Found a staircase to the Ecumenical Temple.
  8034 | Temple   | Entered the Ecumenical Temple
  8154 | Temple   | Became a worshipper of Ru the Awakened
  8535 | D:5      | Found Citesi's Book Shop.
  9502 | D:5      | Found a glowing golden altar of the Shining One.
 10082 | D:6      | Found Pellol's Assorted Antiques.
 10689 | D:6      | Reached skill level 10 in Fighting
 10689 | D:6      | Reached skill level 5 in Dodging
 10937 | D:6      | Found Tipnales's Antique Armour Shop.
 10973 | D:6      | Found Weaturph's Weapon Shop.
 11248 | D:6      | Found Xoumm's Book Boutique.
 11282 | D:6      | Gained mutation: You are hated by all. [Ru sacrifice]
 11282 | D:6      | Reached * piety under Ru
 11956 | D:7      | Reached XP level 10. HP: 110/110 MP: 10/10
 12338 | D:7      | Reached skill level 11 in Fighting
 13235 | D:7      | Found a radiant altar of Vehumet.
 13538 | D:8      | Found a shimmering altar of Xom.
 14044 | D:8      | Noticed a two-headed ogre
 14082 | D:8      | Killed a two-headed ogre
 14570 | D:8      | Gained mutation: You are somewhat inexperienced. (-2 XL)
                  | [Ru sacrifice]
 14570 | D:8      | Reached XP level 9. HP: 105/105 MP: 9/9
 14570 | D:8      | Reached XP level 8. HP: 97/97 MP: 8/8
 14570 | D:8      | Reached ** piety under Ru
 14570 | D:8      | Reached *** piety under Ru
 14570 | D:8      | Reached **** piety under Ru
 15280 | D:9      | Noticed a death yak
 15304 | D:9      | Killed a death yak
 15305 | D:9      | Reached skill level 12 in Fighting
 15305 | D:9      | Reached XP level 9. HP: 99/105 MP: 9/9
 15336 | D:9      | Noticed a death yak
 15377 | D:9      | Killed a death yak
 15631 | D:9      | Noticed a death yak
 15637 | D:9      | Noticed a death yak
 15648 | D:9      | Noticed a death yak
 15665 | D:9      | Killed a death yak
 15666 | D:9      | Reached XP level 10. HP: 43/117 MP: 10/10
 16222 | D:9      | Reached skill level 13 in Fighting
 16342 | D:9      | Found a staircase to the Lair.
 16495 | D:9      | Killed a death yak
 16528 | D:9      | Killed a death yak
 17413 | D:10     | Entered Level 10 of the Dungeon
 17437 | D:10     | Noticed a two-headed ogre
 17442 | D:10     | Killed a two-headed ogre
 18153 | D:10     | Reached XP level 11. HP: 112/127 MP: 11/11
 18598 | D:10     | Noticed a manticore
 18598 | D:10     | Noticed a centaur warrior
 18613 | D:10     | Killed a centaur warrior
 18614 | D:10     | Reached skill level 10 in Maces & Flails
 18614 | D:10     | Noticed a centaur warrior
 18631 | D:10     | Reached skill level 14 in Fighting
 18638 | D:10     | Killed a manticore
 19092 | D:10     | Killed a centaur warrior
 19353 | D:10     | Noticed a two-headed ogre
 19668 | D:10     | Identified the cursed +1 chain mail of Noughts and Crosses
                  | {*Contam Rampage Str+9 SInv}
 19730 | D:10     | Killed a two-headed ogre
 20028 | D:10     | Identified the Almanac of Black Secrets and Feathers
 20036 | D:10     | Identified Ovi Moal's Guide on Air and Envenoming
 20206 | D:10     | Gained mutation: You cannot study or cast Fire magic. [Ru
                  | sacrifice]
 20206 | D:10     | Gained mutation: You cannot study or cast Transmutations
                  | magic. [Ru sacrifice]
 20206 | D:10     | Gained mutation: You cannot study or cast Conjurations
                  | magic. [Ru sacrifice]
 20206 | D:10     | Reached ***** piety under Ru
 21637 | D:11     | Noticed a purple ugly thing
 21654 | D:11     | Killed a purple ugly thing
 21727 | D:11     | Found a portal to a secret trove of treasure.
 21843 | D:11     | Noticed Snorg
 22186 | D:11     | Killed Snorg
 22187 | D:11     | Reached skill level 15 in Fighting
 22187 | D:11     | Reached XP level 12. HP: 131/141 MP: 12/12
 22362 | Lair:1   | Entered Level 1 of the Lair of Beasts
 22557 | Lair:1   | Gained mutation: You are weak. (Str -2) [Ru sacrifice]
 22986 | Lair:1   | Noticed a five-headed hydra
 22998 | Lair:1   | Killed a five-headed hydra
 23726 | Lair:2   | Noticed a seven-headed hydra
 23744 | Lair:1   | Killed a seven-headed hydra
 24700 | Lair:2   | Noticed an eight-headed hydra
 25653 | Lair:2   | Killed an eight-headed hydra
 25967 | Lair:2   | Gained mutation: Your casting is slightly disrupted. [Ru
                  | sacrifice]
 26319 | Lair:3   | Found a gate leading to a gauntlet.
 26333 | Gauntlet | Entered a Gauntlet
 26333 | Gauntlet | Found a transporter.
 26333 | Gauntlet | Found a runed translucent door.
 26389 | Gauntlet | Found a runed translucent door.
 26392 | Gauntlet | Found a transporter.
 26394 | Gauntlet | Found a transporter.
 26409 | Gauntlet | Found a transporter.
 26411 | Gauntlet | Found a transporter.
 26414 | Gauntlet | Identified the amulet "Viluojuu" {RegenMP rC+ Str+2 Dex+2}
 26414 | Gauntlet | Noticed a balrug
 26421 | Gauntlet | Found a transporter.
 26436 | Gauntlet | Found a transporter.
 26441 | Gauntlet | Found a transporter.
 26461 | Gauntlet | Found a transporter.
 26465 | Gauntlet | Noticed a reaper
 26466 | Gauntlet | Found a transporter.
 26476 | Gauntlet | Found a transporter.
 26481 | Gauntlet | Found a transporter.
 26502 | Gauntlet | Noticed a dire elephant
 26505 | Gauntlet | Found a transporter.
 26519 | Gauntlet | Found a transporter.
 26530 | Gauntlet | Noticed a queen ant
 26627 | Gauntlet | Got a heavily runed cloak
 26815 | Gauntlet | Identified the +1 cloak "Etanac" {*Slow Str+3 Int+6 Dex+3}
                  | (You found it in a Gauntlet)
 26835 | Gauntlet | Noticed a minotaur
 26842 | Gauntlet | Killed a minotaur
 26843 | Gauntlet | Reached skill level 16 in Fighting
 27017 | Gauntlet | Identified the Almanac of Creation and the Snowflakes
 27019 | Gauntlet | Identified the cursed +1 robe "Waom Uku" {rN++ Str-3 Dex+8}
                  | (You found it in a Gauntlet)
 27022 | Gauntlet | Got translucent swamp dragon scales
 27033 | Gauntlet | Identified the +0 swamp dragon scales of Pandemonium {Harm
                  | *Drain rPois rF+ rCorr} (You found it in a Gauntlet)
 27062 | Lair:3   | Noticed a five-headed hydra
 27068 | Lair:3   | Killed a five-headed hydra
 27748 | Lair:4   | Reached XP level 13. HP: 153/153 MP: 13/13
 27754 | Lair:4   | Found a staircase to the Snake Pit.
 28119 | Lair:4   | Found a staircase to the Shoals.
 28597 | Lair:4   | Gained mutation: Your magical capacity is low. (-10% MP)
                  | [Ru sacrifice]
 28597 | Lair:4   | Reached ****** piety under Ru
 29177 | Lair:5   | Reached skill level 17 in Fighting
 29482 | Lair:5   | Found a staircase to the Slime Pits.
 30094 | Lair:6   | Entered Level 6 of the Lair of Beasts
 30836 | Lair:6   | Reached XP level 14. HP: 85/167 MP: 12/12
 31021 | Lair:6   | Reached skill level 18 in Fighting
 31319 | Lair:6   | Reached skill level 10 in Dodging
 32269 | Lair:6   | Identified a scroll of acquirement
 32269 | Lair:6   | Acquired the amulet "Rarude" {rN+ Regen+ Slay+2}
 32984 | D:12     | Noticed Fannar
 33003 | D:12     | Killed Fannar
 33017 | D:12     | Noticed Erolcha
 33033 | D:12     | Killed Erolcha
 33170 | D:12     | Found a staircase to the Orcish Mines.
 33462 | D:12     | Reached skill level 19 in Fighting
 33711 | Orc:1    | Entered Level 1 of the Orcish Mines
 33816 | Orc:1    | Noticed Nergalle
 33825 | Orc:1    | Killed Nergalle
 34091 | Orc:1    | Noticed a stone giant
 34113 | Orc:1    | Noticed an orc warlord
 34114 | Orc:1    | Killed a stone giant
 34155 | Orc:1    | Killed an orc warlord
 34299 | Orc:1    | Reached XP level 15. HP: 180/180 MP: 13/13
 34622 | Orc:2    | Entered Level 2 of the Orcish Mines
 34638 | Orc:2    | Found a roughly hewn altar of Beogh.
 34714 | Orc:2    | Found a staircase to the Elven Halls.
 34842 | Orc:2    | Found Woz Mycs's Jewellery Shop.
 34902 | Orc:1    | Acquired 697 gold pieces
 35625 | Orc:2    | Found Offeqops's Weapon Emporium.
 35627 | Orc:2    | Found Veneu's Antique Armour Emporium.
 35627 | Orc:2    | Found Asarchuag's Book Shop.
 35668 | Orc:2    | Bought a cursed +4 ring of protection for 561 gold pieces
 36208 | D:6      | Bought a scroll of blinking for 105 gold pieces
 36208 | D:6      | Bought a scroll of enchant weapon for 105 gold pieces
 36208 | D:6      | Bought a scroll of enchant armour for 105 gold pieces
 36412 | D:13     | Found Wenkeexa's Distillery.
 37381 | D:13     | Noticed Jorgrun
 37393 | D:13     | Killed Jorgrun
 38173 | D:13     | Found a gate to the Vaults.
 38318 | D:14     | Noticed Roxanne
 38333 | D:14     | Killed Roxanne
 38596 | D:14     | Found a burning altar of Makhleb.
 38914 | D:14     | Reached skill level 15 in Maces & Flails
 39039 | D:15     | Entered Level 15 of the Dungeon
 39148 | D:15     | Reached skill level 20 in Fighting
 39242 | D:15     | Found a sacrificial altar of Ru.
 39756 | D:15     | Reached skill level 10 in Throwing
 39761 | D:15     | Reached XP level 16. HP: 138/192 MP: 14/14
 39842 | D:15     | Found a staircase to the Depths.
 40639 | Snake:1  | Entered Level 1 of the Snake Pit
 40871 | Snake:1  | Reached skill level 1 in Evocations
 41359 | Snake:1  | Found Tat Ussu's Jewellery Emporium.
 42645 | Snake:2  | Noticed a nagaraja
 42660 | Snake:2  | HP: 8/195 [nagaraja/+0 spear (2)]
 42671 | Snake:2  | Killed a nagaraja
 43776 | Snake:3  | Reached XP level 17. HP: 134/204 MP: 15/15
 44576 | Snake:3  | Paralysed by a salamander for 3 turns
 44782 | Snake:3  | Reached skill level 21 in Fighting
 45717 | Snake:3  | Found a runed translucent door.
 45723 | Snake:3  | Noticed Tuffe's ghost (adept FoFi)
 46594 | Snake:3  | Killed Tuffe's ghost
 46718 | Snake:4  | Entered Level 4 of the Snake Pit
 46739 | Snake:3  | Reached skill level 1 in Armour
 47606 | Snake:3  | Reached skill level 5 in Evocations
 49152 | Snake:4  | Noticed Aizul
 49166 | Snake:4  | Killed Aizul
 49552 | Snake:4  | Reached XP level 18. HP: 105/215 MP: 16/16
 51361 | Snake:4  | Got a serpentine rune of Zot
 51688 | Shoals:1 | Entered Level 1 of the Shoals
 52654 | D:13     | Bought a potion of curing for 57 gold pieces
 52654 | D:13     | Bought a potion of curing for 57 gold pieces
 52654 | D:13     | Bought 2 potions of curing for 114 gold pieces
 52654 | D:13     | Bought a potion of curing for 57 gold pieces
 52654 | D:13     | Bought a potion of curing for 57 gold pieces
 52717 | D:11     | You paid a toll of 18 potions of curing to enter a treasure
                  | trove
 52718 | Trove    | Entered a treasure trove
 52730 | Trove    | Identified the ring "Aned" {rPois rC+ rCorr} (You found it
                  | in a treasure trove)
 52735 | Trove    | Identified the amulet "Hirotawad" {Acrobat Fragile +Inv
                  | Dex+2} (You found it in a treasure trove)
 52739 | Trove    | Identified the amulet "Limit" {RegenMP Int+3} (You found it
                  | in a treasure trove)
 52741 | Trove    | Identified the amulet of the Sturgeon {Acrobat rC++ Will+
                  | Dex+4 Stlth+} (You found it in a treasure trove)
 52750 | Trove    | Identified the amulet "Loeruh" {Spirit *Contam Dex+4
                  | Stlth+} (You found it in a treasure trove)
 52754 | Trove    | Identified the amulet "Oqeuseuf" {RegenMP Int+4 SInv} (You
                  | found it in a treasure trove)
 53598 | Shoals:2 | Reached skill level 5 in Armour
 53672 | Shoals:2 | Reached skill level 22 in Fighting
 54648 | Shoals:3 | Found a runed translucent gate.
 54648 | Shoals:3 | Found a runed translucent gate.
 54648 | Shoals:3 | Found a runed translucent gate.
 54651 | Shoals:3 | Noticed Kaerusk's ghost (adept KoBe)
 54651 | Shoals:3 | Noticed Amuaxidi's ghost (adept FoCK)
 55473 | Shoals:4 | Entered Level 4 of the Shoals
 55473 | Shoals:4 | Noticed Polyphemus
 55836 | Shoals:3 | Killed Polyphemus
 55837 | Shoals:3 | Reached XP level 19. HP: 172/227 MP: 17/17
 57081 | Shoals:4 | Identified the cursed +0 leather armour of Supple Strength
                  | {+Inv Will+}
 57243 | Shoals:4 | Found a glowing golden altar of the Shining One.
 58852 | Shoals:4 | Got a barnacled rune of Zot
 59492 | Shoals:4 | Identified the +5 ring mail "Vecosyon" {rN++ Regen+ Int-3
                  | SInv}
 59887 | Vaults:1 | Entered Level 1 of the Vaults
 59964 | Vaults:1 | Found a flickering gateway to a bazaar.
 60084 | Bazaar   | Entered a bazaar
 60084 | Bazaar   | Found Xuwaotol's Magic Scroll Boutique.
 60084 | Bazaar   | Found Neacihoa's Magic Scroll Boutique.
 60086 | Bazaar   | Found Nyec's Weapon Emporium.
 60097 | Bazaar   | Bought a scroll of fog for 20 gold pieces
 60097 | Bazaar   | Bought a scroll of enchant weapon for 75 gold pieces
 60097 | Bazaar   | Bought a scroll of fog for 20 gold pieces
 60097 | Bazaar   | Bought a scroll of blinking for 75 gold pieces
 60097 | Bazaar   | Bought a scroll of enchant armour for 75 gold pieces
 60097 | Bazaar   | Bought a scroll of teleportation for 30 gold pieces
 60098 | Bazaar   | Found Biudupp's Weapon Shoppe.
 60155 | Bazaar   | Bought a scroll of enchant armour for 120 gold pieces
 60155 | Bazaar   | Bought a scroll of enchant armour for 120 gold pieces
 60964 | Vaults:1 | Reached skill level 23 in Fighting
 60965 | Vaults:1 | Reached XP level 20. HP: 209/240 MP: 18/18
 64989 | Vaults:3 | Found a staircase to the Crypt.
 65106 | Vaults:3 | Reached XP level 21. HP: 215/252 MP: 18/18
 65187 | Vaults:3 | Found Watuen's Distillery.
 65192 | Vaults:3 | Bought 2 potions of heal wounds for 130 gold pieces
 65192 | Vaults:3 | Bought a potion of heal wounds for 65 gold pieces
 65192 | Vaults:3 | Bought a potion of heal wounds for 65 gold pieces
 65192 | Vaults:3 | Bought a potion of curing for 39 gold pieces
 65192 | Vaults:3 | Bought a potion of heal wounds for 65 gold pieces
 65370 | Vaults:3 | Noticed Margery
 65401 | Vaults:3 | Killed Margery
 65791 | Vaults:3 | Noticed Bai Suzhen
 65811 | Vaults:3 | Killed Bai Suzhen
 66282 | Vaults:3 | Noticed Saint Roka
 66300 | Vaults:3 | Killed Saint Roka
 66963 | Vaults:4 | Reached skill level 24 in Fighting
 67561 | Vaults:4 | Found Filo's Book Emporium.
 67978 | D:5      | Bought a book of Minor Magic for 280 gold pieces
 67981 | D:5      | Learned a level 2 spell: Blink
 68501 | Vaults:4 | Found Zilaramn's General Store.
 68557 | Vaults:4 | Bought 4 silver javelins for 115 gold pieces
 69677 | Elf:1    | Entered Level 1 of the Elven Halls
 69704 | Elf:1    | Reached skill level 10 in Armour
 71062 | Elf:1    | Reached XP level 22. HP: 238/263 MP: 19/19
 71581 | Elf:2    | Found a frozen archway.
 71599 | IceCv    | Entered an ice cave
 72902 | Elf:2    | Found Rolycakh's Book Shoppe.
 73145 | Elf:2    | Found a huge runed translucent gate.
 73145 | Elf:2    | Found a huge runed translucent gate.
 73146 | Elf:2    | Found a huge runed translucent gate.
 73147 | Elf:2    | Found a huge runed translucent gate.
 73157 | Elf:2    | Found a huge runed translucent gate.
 73252 | Elf:2    | Found a runed translucent gate.
 73253 | Elf:2    | Found a runed translucent gate.
 73254 | Elf:2    | Found a runed translucent gate.
 73266 | Elf:2    | Noticed Soammui's ghost (adept MiBe)
 73269 | Elf:2    | Found an iron altar of Okawaru.
 73284 | Elf:2    | Killed Soammui's ghost
 74213 | Shoals:3 | Killed Amuaxidi's ghost
 74217 | Shoals:3 | Killed Kaerusk's ghost
 74389 | Shoals:3 | Acquired a manual of Armour
 74394 | Shoals:3 | Acquired a +3 spectral giant spiked club
 74399 | Shoals:3 | Acquired a +5 spectral giant spiked club
 74829 | Elf:3    | Entered Level 3 of the Elven Halls
 75032 | Elf:3    | Found Huimao's Antique Weapon Shoppe.
 76444 | Elf:3    | Identified the +4 morningstar "Sesiesm" {vorpal, rElec rC+}
 76444 | Elf:3    | Identified the ring of Xasung {rC+ AC+4}
 76704 | Elf:3    | Identified the Handbook of Summoning and Transformation
 76710 | Elf:3    | Found the +6 arbalest "Damnation" {damnation}
 76741 | Elf:3    | Identified the -3 cloak "Xitoraw" {rC- Str+4} (You found it
                  | on level 3 of the Elven Halls)
 77249 | Depths:1 | Entered Level 1 of the Depths
 77330 | Depths:1 | Found a gateway to Hell.
 77804 | Depths:1 | Reached XP level 23. HP: 269/274 MP: 20/20
 77904 | Depths:1 | Reached skill level 25 in Fighting
 80189 | Depths:2 | Noticed a golden dragon
 80197 | Depths:2 | Killed a golden dragon
 80327 | Depths:2 | Noticed a juggernaut
 80362 | Depths:2 | Killed a juggernaut
 81004 | Depths:2 | Reached skill level 15 in Armour
 81500 | Depths:2 | Found a one-way gate leading to the halls of Pandemonium.
 81900 | Depths:3 | Acquired a manual of Dodging
 82046 | Depths:3 | Reached XP level 24. HP: 287/287 MP: 20/20
 83083 | Depths:3 | Got a translucent copper ring
 83084 | Depths:3 | Identified the ring "Imuesaq" {Str+4 Int+6 SInv} (You found
                  | it on level 3 of the Depths)
 83097 | Depths:3 | Found a one-way gate to the infinite horrors of the Abyss.
 83145 | Depths:3 | Found a transporter.
 83175 | Depths:3 | Reached skill level 10 in Evocations
 83190 | Depths:3 | Got a coiled platinum ring
 83191 | Depths:3 | Identified the ring of Ulaapnex {*Slow +Blink rC+ Dex+6
                  | SInv} (You found it on level 3 of the Depths)
 83199 | Depths:3 | Found Samurane's Antique Armour Boutique.
 83233 | Depths:3 | Reached skill level 26 in Fighting
 83386 | Depths:3 | Got a steaming turquoise ring
 83387 | Depths:3 | Identified the ring "Ytom" {+Fly rPois SInv Stlth+} (You
                  | found it on level 3 of the Depths)
 83399 | Depths:3 | Found a gateway to a ziggurat.
 83399 | Depths:3 | Noticed a juggernaut
 83406 | Depths:3 | Killed a juggernaut
 83813 | Depths:3 | Found a transporter.
 83848 | Depths:4 | Noticed a caustic shrike
 84164 | Depths:4 | Killed a caustic shrike
 84681 | Depths:4 | Identified the Tome of the Birds
 84702 | Depths:4 | Found a sacrificial altar of Ru.
 84720 | Depths:4 | Noticed a caustic shrike
 84728 | Depths:4 | Killed a caustic shrike
 85324 | Depths:4 | Identified the amulet of the Sneaky Cities {Faith *Corrode
                  | Slay+4 Stlth+}
 85508 | Depths:4 | Identified the +6 hand axe of Ygoaph {freeze, rPois Int-2
                  | Dex+2}
 85515 | Depths:4 | Reached XP level 25. HP: 85/301 MP: 20/20
 85990 | Depths:4 | Identified the cursed +0 giant club "Adylauwo" {pain, rPois
                  | Str+2 Int+3 Dex+2}
 85990 | Depths:4 | Identified the +10 giant club "Qigegh" {freeze, rPois Str+3
                  | Int-4 Dex+3}
 86163 | Depths:4 | Noticed the Enchantress
 86182 | Depths:4 | Killed the Enchantress
 86190 | Depths:4 | Found the +1 cloak of Starlight {rElec rC+ EV+4 Stlth--}
 86205 | Depths:4 | Identified the Compendium of Transmutation and Necromancy
 86274 | Depths:4 | Acquired the +10 dark maul {vorpal}
 86275 | Depths:4 | Found the +10 dark maul {vorpal}
 86550 | Depths:4 | Identified the Guide on Black Rituals
 87025 | Depths:4 | Identified the Compendium of the Entourage
 87262 | Depths:5 | Entered Level 5 of the Depths
 87302 | Depths:5 | Found Cekir's General Store.
 87369 | Depths:4 | HP: 14/301 [poisoned by a green very ugly thing]
 87374 | Depths:4 | HP: 10/301 [poisoned by a green very ugly thing]
 87380 | Depths:4 | HP: 8/301 [poisoned by a green very ugly thing]
 87385 | Depths:4 | HP: 7/301 [poisoned by a green very ugly thing]
 87391 | Depths:4 | HP: 8/301 [poisoned by a green very ugly thing]
 87397 | Depths:4 | HP: 9/301 [poisoned by a green very ugly thing]
 87405 | Depths:4 | HP: 12/301 [poisoned by a green very ugly thing]
 88225 | Depths:5 | Reached skill level 27 in Fighting
 88911 | Depths:5 | Found Ehow's Magic Scroll Emporium.
 88919 | Depths:5 | Bought a scroll of blinking for 142 gold pieces
 89036 | Depths:5 | Found Cuus's Magic Scroll Emporium.
 89048 | Depths:5 | Bought a scroll of enchant weapon for 172 gold pieces
 89208 | Depths:5 | Identified the +3 falchion "Ahola" {freeze, +Blink Str+2}
 89678 | Depths:5 | Found Qethravuv's General Store.
 90205 | Depths:5 | Found Zas Agha's Gadget Emporium.
 90205 | Depths:5 | Found Jiqa's Jewellery Boutique.
 90206 | Depths:5 | Found Zuoghoel's Gadget Emporium.
 91430 | Depths:5 | Found a gate to the Realm of Zot.
 92339 | Vaults:5 | Entered Level 5 of the Vaults
 94566 | Vaults:5 | Identified the cursed +0 lajatang "Empef" {vorpal, rF+}
 94875 | Vaults:5 | Identified the ring of Sioliot {*Corrode rElec rPois rC++}
 96354 | Vaults:5 | Identified a ring of the Octopus King {rF+ AC+1 EV+1 Str+1
                  | Int+1 Dex+1}
 97302 | Vaults:5 | Got a silver rune of Zot
 97572 | Vaults:5 | Found the +3 hat of Pondering {ponderous, Will+ MP+10
                  | Int+5}
 97575 | Vaults:5 | Identified the amulet "Uqiu" {RegenMP Dex+3} (You found it
                  | on level 5 of the Vaults)
 97584 | Vaults:5 | Identified Lehudib's Incunabulum of Confrontation
 98509 | Zot:1    | Entered Level 1 of the Realm of Zot
 98870 | Zot:1    | Reached skill level 15 in Dodging
 99781 | Zot:1    | Noticed an orb of fire
 99794 | Zot:1    | Killed an orb of fire
102560 | Zot:2    | Reached skill level 15 in Throwing
104124 | Zot:2    | Found a glowing golden altar of the Shining One.
104174 | Zot:2    | Reached skill level 15 in Evocations
104190 | Zot:2    | Identified the Grimoire of the Zealot
104204 | Zot:2    | Identified Wyusk's Incunabulum of Fire and Brimstone
106063 | Zot:3    | Noticed a Killer Klown
106068 | Zot:3    | Killed a Killer Klown
109048 | Zot:5    | Entered Level 5 of the Realm of Zot
109113 | Zot:5    | Identified the +1 cloak of the Apothecary {Rampage rN+
                  | Dex+4} (You found it on level 5 of the Realm of Zot)
109949 | Zot:5    | Noticed an ancient lich
109958 | Zot:5    | Killed an ancient lich
110970 | Zot:5    | Noticed a Killer Klown
110972 | Zot:5    | Noticed a Killer Klown
110999 | Zot:5    | Killed a Killer Klown
111016 | Zot:5    | Noticed an orb of fire
111020 | Zot:5    | Gained mutation: You tend to lose your temper in combat.
                  | [an orb of fire]
111035 | Zot:5    | Killed an orb of fire
111035 | Zot:5    | Noticed an orb of fire
111045 | Zot:5    | Killed an orb of fire
111051 | Zot:5    | Noticed an ancient lich
111056 | Zot:5    | Killed an ancient lich
111057 | Zot:5    | Killed a Killer Klown
111069 | Zot:5    | Noticed an ancient lich
111078 | Zot:5    | Killed an ancient lich
111179 | Zot:5    | Lost mutation: You tend to lose your temper in combat.
                  | [potion of mutation]
111179 | Zot:5    | Gained mutation: You expend magic power (3 MP) to
                  | strengthen your wands. [potion of mutation]
111179 | Zot:5    | Gained mutation: You are strong-willed. (Will+) [potion of
                  | mutation]
111179 | Zot:5    | Gained mutation: Armour fits poorly on your strangely
                  | shaped body. [potion of mutation]
111179 | Zot:5    | Gained mutation: You are highly strong-willed. (Will++)
                  | [potion of mutation]
111214 | Zot:5    | Noticed a Killer Klown
111218 | Zot:5    | Killed a Killer Klown
111355 | Zot:5    | Noticed a Killer Klown
111367 | Zot:5    | Killed a Killer Klown
111368 | Zot:5    | Noticed a Killer Klown
111380 | Zot:5    | Killed a Killer Klown
112041 | Zot:5    | Gained mutation: You tend to lose your temper in combat.
                  | [mutagenic glow]
112053 | Zot:5    | Gained mutation: Your magical capacity is very low. (-20%
                  | MP) [mutagenic glow]
112064 | Zot:5    | Lost mutation: You expend magic power (3 MP) to strengthen
                  | your wands. [potion of mutation]
112064 | Zot:5    | Lost mutation: Your magical capacity is very low. (-20% MP)
                  | [potion of mutation]
112064 | Zot:5    | Lost mutation: Armour fits poorly on your strangely shaped
                  | body. [potion of mutation]
112064 | Zot:5    | Lost mutation: You are highly strong-willed. (Will++)
                  | [potion of mutation]
112064 | Zot:5    | Gained mutation: You occasionally shout uncontrollably at
                  | your foes. [potion of mutation]
112064 | Zot:5    | Gained mutation: You are partially covered in rugged brown
                  | scales. (AC +1, +3% HP) [potion of mutation]
112065 | Zot:5    | Lost mutation: You occasionally shout uncontrollably at
                  | your foes. [potion of mutation]
112065 | Zot:5    | Lost mutation: You are strong-willed. (Will+) [potion of
                  | mutation]
112065 | Zot:5    | Lost mutation: You tend to lose your temper in combat.
                  | [potion of mutation]
112065 | Zot:5    | Lost mutation: You are partially covered in rugged brown
                  | scales. (AC +1, +3% HP) [potion of mutation]
112065 | Zot:5    | Gained mutation: You are somewhat resistant to further
                  | mutation. [potion of mutation]
112065 | Zot:5    | Gained mutation: Your body sometimes deteriorates upon
                  | taking damage. [mutagenic glow]
112625 | Zot:5    | Got the Orb of Zot
112718 | Zot:2    | Noticed Waiheseg the pandemonium lord
113392 | D:$      | Escaped with the Orb!

Illustrated notes

Levels and vault maps discovered:
D:1:      dpeg_arrival_ratfight, layout_basic, serial_curves, eino_curves_02,
          eino_curves_04
D:2:      layout_basic, grunt_gozag_statues, okawaru_altar_gauntlet_db,
          uniq_jessica, uniq_crazy_yiuf_cottage, uniq_robin
D:3:      layout_basic, lemuel_crystal_altar, eat_drink_and_be_merry_uskayaw,
          lemuel_crystal_altar, chequers_ecumenical_altar_simple, fedhas_altar_1
D:4:      layout_basic, minmay_temple_entry_junction, ebering_ghost_sewer_d,
          minmay_misc_feat_x, uniq_grinder, uniq_edmund
D:5:      layout_loops_cross, tso_oasis_becter, nicolae_ossuary_entry_plus,
          serial_shops, shop_fountains, shop, nicolae_shop_window_shopping,
          uniq_duvessa, uniq_eustachio
D:6:      layout_loops_corners, portal_sewer_entry_f, serial_shops,
          nicolae_shop_trees, shop, nicolae_shop_competitors_out_of_business,
          shop, shop
D:7:      layout_cave_pools, lemuel_doored_altar, serial_gnoll_camp,
          gnoll_camp_mini_hut, gnoll_camp_mini_sergeant,
          gnoll_camp_mini_doghouse, gnoll_camp_mini_basic
D:8:      layout_basic, kennysheep_mini, serial_co_window_serial,
          co_window_paths_b, co_window_paths_b, co_window_paths_a,
          co_window_cross_1, co_window_corner_a, co_window_paths_b,
          co_window_paths_a, co_window_2corner, co_window_corner_ca,
          co_window_corner_cb, co_window_paths_e, co_window_4corner_a,
          glass_columns_a, glass_columns_c, glass_columns_a
D:9:      layout_basic, dpeg_lair_monsters, minivault_23, minivault_22
D:10:     minmay_the_grid_triangle_9x9_rhombus_thin
          [minmay_the_grid_triangle_9x9_cache,
          minmay_the_grid_triangle_9x9_prize_insulated,
          minmay_the_grid_triangle_9x9_checkered,
          minmay_the_grid_triangle_9x9_limited_checkers], layout_irregular_city
D:11:     layout_basic, enter_trove_1, uniq_snorg
D:12:     layout_roguey, david_orc_3, uniq_fannar, uniq_erolcha
D:13:     layout_basic, david_vaults_4, serial_shops, shop, special_room
          [special_room_orc], drop_trap, uniq_jorgrun
D:14:     layout_roguey, serial_curves, eino_curves_02, eino_curves_01,
          glass_columns_a, small_statue_alley_a, lemuel_tele_altar, uniq_roxanne
D:15:     grunt_enter_depths_snipers, layout_loops_ring, nicolae_lava_and_water,
          nicolae_ru_the_path_less_chosen
Temple:   regret_index_temple_waves
Lair:1:   layout_regular_city
Lair:2:   layout_layer_cave, grunt_megastairs_1, serial_bayou_shore_b,
          lemuel_fruit_tree
Lair:3:   layout_loops_ring, gauntlet_entry_generic
Lair:4:   layout_cave_pods, minmay_shoals_entry_beasts,
          minmay_snake_entry_guardpost_small, serial_bayou_shore_b
Lair:5:   layout_gridlike, dpeg_slime_entry_corner, lemuel_old_faithful
Lair:6:   evilmike_catoblepas_cave, layout_cave_pods, minivault_24,
          kennysheep_basilisk_garden
Shoals:1: layout_shoals
Shoals:2: layout_shoals
Shoals:3: layout_shoals, gammafunk_ghost_cemetery
Shoals:4: shoals_end_simple, layout_shoals, lemuel_oklob_altar, uniq_polyphemus
Snake:1:  layout_grid_maze, grunt_ministairs_10, st_stairs_14,
          minmay_shop_enchanted_jewellery, hangedman_corner_corridor
Snake:2:  layout_gridlike
Snake:3:  layout_layer_cave, ebering_ghost_reflecting_pool, grunt_ministairs_9,
          nicolae_snake_single_loop
Snake:4:  johnstein_snake_rune_scales, layout_rooms, statue_in_the_mist_lemuel,
          uniq_aizul
Orc:1:    layout_caves, nicolae_orc_pool_cavern, uniq_nergalle
Orc:2:    st_orc_elflike, layout_diamond_mine, basic_altar
Elf:1:    layout_geoelf_octagon, minivault_28
Elf:2:    layout_gridlike, portal_ice_cave_entry_pillars_1,
          gammafunk_ghost_fury_of_okawaru, serial_shops, shop_statue
Elf:3:    grunt_elf_hall_asides, layout_geoelf_octagon, serial_shops,
          shop_statue, grunt_ministairs_6
Vaults:1: nicolae_vaults_border_crossing, vaults_dpeg_spiral, v_alt_pattern_6,
          v_misc_9, v_misc_8, nicolae_vaults_know_your_exits, v_misc_10,
          nicolae_vaults_what_the_h, vaults_standard_mumra_lines,
          nicolae_vaults_rhombus_5, v_misc_14, vaults_room_grid,
          vaults_room_pools, layout_vaults_omnibox, serial_shops,
          bzr_entry_customers
Vaults:2: hangedman_vaults_slice, ontoclasm_vaults_chip, vaults_mumra_lcd,
          hangedman_vaults_stagger, vaults_room_grunt_arrival_checkpoint,
          grunt_vaults_twisty, hangedman_vaults_capsules, vaults_dpeg_cross,
          layout_vaults_omnicross
Vaults:3: ontoclasm_vaults_twist, nicolae_vaults_windows_and_doors_thing,
          nicolae_vaults_specimen_jars, blue_anna_dwarven_crypt, v_misc_9,
          nicolae_vaults_theta, nicolae_vaults_ninety_degrees,
          nicolae_vaults_big_angled_halls, vaults_room_pool,
          hangedman_vaults_pinch, vaults_room_hallway, v_misc_12,
          nicolae_vaults_circle_grid_b, v_misc_16, layout_vaults_big_room,
          serial_shops, shop, uniq_margery, uniq_bai_suzhen, uniq_saint_roka
Vaults:4: vaults_dpeg_diagonal, nicolae_vaults_rhombus_6, hangedman_vaults_trim,
          v_misc_14, ontoclasm_vaults_chip,
          vaults_standard_mumra_enter_the_diamond, ontoclasm_vaults_ring_square,
          hangedman_vaults_snaps, ontoclasm_vaults_gateway,
          layout_vaults_quadrants, serial_shops, shop, shop
Vaults:5
Depths:1: layout_big_octagon, pf_hell_entry_tar_river, patterned_corridor,
          nrook_campfire, st_stairs_1, serial_bayou_lagoon_a,
          minmay_shattered_shrine, grunt_megastairs_2,
          infiniplex_staircase_pool_lava, serial_bayou_shore_b
Depths:2: hangedman_box_tower, layout_honeycomb, grunt_mini_vestibule,
          rand_demon_pan_entry_4, skrybe_limestone_x, minmay_misc_feat_encased
Depths:3: hangedman_spin_cycle, abyss_entry, serial_shops, hell_entry, pan_entry
Depths:4: grunt_forest_end_chambers, layout_cave_shapes,
          serial_hangedman_research, hangedman_research_electronics,
          hangedman_research_geology, hangedman_research_quantum,
          hangedman_research_convocations, hangedman_research_thanatology,
          kennysheep_minor_cross, hell_entry, abyss_entry_flame_altar,
          argonaut_fire_from_heaven, minmay_staircase_bubble, firewood_loft
Depths:5: lemuel_castle_with_subvaults [lemuel_castle_interior_carwin_3],
          layout_basic, chequers_serial_rivers_small_b, serial_shops,
          shop_scrolls, shop, shop_fountains, shop, hell_entry,
          minmay_shop_grove, uniq_enchantress
Zot:1:    layout_gridlike, lemuel_flame_loot_1, grunt_megastairs_3
Zot:2:    nicolae_zot_draconian_monastery, layout_onion, grunt_ministairs_3
Zot:3:    layout_twisted_circle
Zot:4:    layout_onion_interference
Zot:5:    layout_twisted_circle, drop_trap

Skill      XL: |  1  2  3  4  5  6  7  8  9 10 11 12 13 14 15 16 17 18 19 20 21 22 23 24 25 |
---------------+----------------------------------------------------------------------------+-----
Fighting       | 3 4 5 6 7 12 10 13 15 16 17 19 20 21 22 23 24 25 26 27 | 27.0
Dodging        | 2 3 4 5 7 8 9 10 11 12 19 | 19.8
Maces & Flails | 1 2 3 4 5 9 8 10 11 13 14 15 16 17 18 19 20 21 22 | 22.0
Throwing       | 5 6 7 8 9 10 12 16 | 16.8
Evocations     | 3 5 7 9 11 16 | 16.0
Armour         | 3 5 7 9 10 12 15 16 21 | 21.2
Stealth        | |  0.9

Action                   |  1- 3 |  4- 6 |  7- 9 | 10-12 | 13-15 | 16-18 | 19-21 | 22-24 | 25-27 || total
-------------------------+-------+-------+-------+-------+-------+-------+-------+-------+-------++-------
Melee: Short sword       |    13 |       |       |       |       |       |       |       |       ||    13
       Mace              |    82 |   244 |   143 |       |       |       |       |       |       ||   469
       Spear             |       |       |   299 |       |       |       |       |       |       ||   299
       Dagger            |       |       |   108 |   784 |       |       |       |       |       ||   892
       Flail             |       |       |     7 |    57 |       |       |       |       |       ||    64
       Giant club        |       |       |       |     2 |       |       |       |       |       ||     2
       Dire flail        |       |       |       |    29 |   401 |       |       |       |       ||   430
       Giant spiked club |       |       |       |       |   488 |   844 |  1206 |  1047 |  1668 ||  5253
Throw: Large rock        |     1 |     5 |     1 |     6 |     8 |       |       |       |     4 ||    25
       Boomerang         |     3 |     4 |    25 |    91 |   174 |   414 |    87 |   126 |    92 ||  1016
       Throwing net      |       |     2 |       |       |       |       |       |       |       ||     2
       Dart              |       |     4 |       |     7 |     2 |       |       |       |       ||    13
       Javelin           |       |       |       |       |       |       |       |       |     1 ||     1
Invok: Sacrifice Experie |       |       |     1 |       |       |       |       |       |       ||     1
       Sacrifice Love    |       |       |     1 |       |       |       |       |       |       ||     1
       Power Leap        |       |       |       |     2 |       |       |       |       |       ||     2
       Sacrifice Arcana  |       |       |       |     1 |       |       |       |       |       ||     1
       Sacrifice Essence |       |       |       |     1 |     1 |       |       |       |       ||     2
       Sacrifice Purity  |       |       |       |     1 |       |       |       |       |       ||     1
       Apocalypse        |       |       |       |       |     1 |     6 |     4 |     4 |     2 ||    17
       Draw Out Power    |       |       |       |       |       |       |     1 |     1 |     3 ||     5
Evoke: Condenser vane    |       |       |       |       |       |     1 |     2 |     2 |     4 ||     9
       Wand              |       |       |       |       |       |       |       |     1 |     2 ||     3
  Use: Scroll            |       |     9 |     2 |    17 |    15 |    15 |     8 |    13 |    29 ||   108
       Potion            |       |       |       |     3 |       |     7 |       |     3 |    12 ||    25
 Stab: Sleeping          |       |     1 |     2 |     2 |       |       |       |       |       ||     5
       Paralysed         |       |       |       |    14 |    19 |    23 |    17 |    12 |     8 ||    93
       Invisible         |       |       |       |     2 |    15 |    13 |    17 |     5 |    29 ||    81
       Distracted        |       |       |       |       |     3 |     1 |     4 |    14 |    21 ||    43
       Petrified         |       |       |       |       |       |     1 |       |       |       ||     1
Armor: Robe              |    29 |     5 |       |       |     6 |       |       |       |       ||    40
       Animal skin       |       |   139 |   148 |   113 |       |       |       |       |       ||   400
       Troll leather arm |       |       |       |   125 |   101 |       |       |       |       ||   226
       Fire dragon scale |       |       |       |       |    27 |   345 |   220 |       |       ||   592
       Storm dragon scal |       |       |       |       |       |       |   165 |   406 |   393 ||   964
       Gold dragon scale |       |       |       |       |       |       |       |       |   238 ||   238
Dodge: Dodged            |    72 |   142 |   232 |   596 |   554 |   465 |   636 |   466 |   999 ||  4162

Table legend: (Time is in decaauts)
 A = Elapsed time spent in this place.
 B = Non-inter-level travel time spent in this place.
 C = Inter-level travel time spent in this place.
 D = Time resting spent in this place.
 E = Time spent auto-exploring this place.
 F = Levels seen in this place.
 G = Mean time per level.
                   A        B        C        D        E       F      G
               +--------+--------+--------+--------+--------+-----+--------+
         Total | 112790 | 105124 |   7666 |  46789 |  38790 |  55 | 2050.7 |
       Dungeon |  28034 |  25377 |   2657 |   9508 |  11302 |  15 | 1868.9 |
        Temple |    135 |    123 |     12 |      0 |     89 |   1 |  135.0 |
          Lair |  10681 |   9483 |   1198 |   3583 |   4604 |   6 | 1780.2 |
        Shoals |   7952 |   7692 |    260 |   3299 |   2921 |   4 | 1988.0 |
     Snake Pit |  10672 |  10411 |    261 |   5340 |   2986 |   4 | 2668.0 |
  Orcish Mines |   2646 |   2326 |    320 |    923 |    824 |   2 | 1323.0 |
   Elven Halls |   5431 |   5056 |    375 |   1942 |   2185 |   3 | 1810.3 |
        Vaults |  15031 |  14021 |   1010 |   5908 |   6053 |   5 | 3006.2 |
        Depths |  15380 |  14223 |   1157 |   6511 |   4620 |   5 | 3076.0 |
           Zot |  12935 |  12523 |    412 |   7223 |   3058 |   5 | 2587.0 |
        Bazaar |    100 |    100 |      0 |      0 |      0 |   1 |  100.0 |
         Trove |     47 |     47 |      0 |      0 |      0 |   1 |   47.0 |
       Ossuary |   1841 |   1841 |      0 |   1388 |     39 |   1 | 1841.0 |
      Ice Cave |   1190 |   1190 |      0 |    837 |    107 |   1 | 1190.0 |
      Gauntlet |    709 |    709 |      0 |    324 |      0 |   1 |  709.0 |
               +--------+--------+--------+--------+--------+-----+--------+

Top non-repeatable levels by time:
Vaults:4: 5786 daAuts
Depths:4: 4308 daAuts
Depths:5: 4210 daAuts
     D:9: 3741 daAuts
Shoals:4: 3686 daAuts
 Snake:4: 3622 daAuts
   Zot:1: 3612 daAuts
   Zot:2: 3341 daAuts
 Snake:3: 3266 daAuts
Vaults:3: 2781 daAuts
     D:7: 2673 daAuts
Depths:3: 2624 daAuts
Depths:2: 2538 daAuts
    D:10: 2491 daAuts
  Lair:6: 2409 daAuts
